 Dungeon Crawl Stone Soup version bcrawl-1.40.2 (webtiles) character file.

Game seed: 9007160092017632135

150497 kosoiffoigrumme1174 the Ducker (level 4, 0/28 HPs)
             Began as a Vine Stalker Monk on Nov 8, 2023.
             Succumbed to a worker ant's poison
             ... on level 2 of the Dungeon.
             The game lasted 00:01:30 (1370 turns).

kosoiffoigrumme1174 the Ducker (Vine Stalker Monk)  Turns: 1370, Time: 00:01:31

Health: 0/28       AC:  9    Str: 14    XL:     4   Next: 37%
Magic:  2/6        EV:  7    Int: 10    God:
Gold:   88         SH:  0    Dex: 17    Spells: 3/3 levels left

rFire    . . .     GDR:     28% a - +0 hand axe
rCold    . . .     SeeInvis .   (no shield)
rNeg     . . .     Gourm    .   g - +0 chain mail
rPois    .         Faith    .   n - +0 helmet
rElec    .         Spirit   +   (no cloak)
rCorr    .         Reflect  .   (no gloves)
MR       .....                  (no boots)
Stlth    ..........             d - amulet of guardian spirit
HPRegen  0.54/turn              (no ring)
MPRegen  0.10/turn              (no ring)

@: lethally poisoned (0 -> -1)
A: fangs 2, regeneration 1, no potion heal 3, rot immunity, strong jaws
a: no special abilities


You were on level 2 of the Dungeon.
You were hungry.

You visited 1 branch of the dungeon, and saw 2 of its levels.

You collected 88 gold pieces.

Inventory:

Hand Weapons
 a - a +0 hand axe (weapon)
 b - a +0 short sword
Missiles
 l - 277 stones (quivered)
Armour
 g - a +0 chain mail (worn)
 n - a +0 helmet (worn)
Jewellery
 d - an amulet of guardian spirit (around neck)
 h - an uncursed ring of protection from magic {unknown}
Scrolls
 f - 3 scrolls of remove curse
 i - 2 scrolls of identify
Potions
 j - a potion of mutation {unknown}
 k - a potion of brilliance {unknown}
 m - a potion of might {unknown}
Comestibles
 e - 2 rations {!d}


   Skills:
 + Level 3.4 Fighting
 - Level 2.6 Axes
 + Level 4.2 Dodging
 - Level 3.0 Stealth
 + Level 2.0 Unarmed Combat
   Level 2.0 Invocations


You had 3 spell levels left.
You didn't know any spells.
Your spell library was empty.

Dungeon Overview and Level Annotations

Branches:
Dungeon (2/12)

Altars:


Innate Abilities, Weirdness & Mutations

You have extremely sharp teeth.
Your natural rate of healing is unusually fast.
Potions cannot restore your health.
You are immune to rotting.
Your bites deal extra damage.


Message History

You are lethally poisoned!
The worker ant poisons you!
* * * LOW HITPOINT WARNING * * *
You feel sick.
* * * LOW HITPOINT WARNING * * *
You feel sick.
* * * LOW HITPOINT WARNING * * *
You feel sick.
* * * LOW HITPOINT WARNING * * *
You feel sick.
You hear a grinding noise.
The worker ant bites you but does no damage.
* * * LOW HITPOINT WARNING * * *
You feel sick.
The worker ant bites you but does no damage.
* * * LOW HITPOINT WARNING * * *
You feel sick.
* * * LOW HITPOINT WARNING * * *
You feel sick.
You die...

#.# #.#<...## .# #.###.#####)# #.#
#.#.........# #.#
#.#.#.#####.####.# #.#.# #......#
###########.#.# #......#
.........##.#. #......######
.........##..########......#.....
.........##...a.@...รท......#.####
.........#############.....#.#<#
.........).........>##.....#.#.#
.........##.#######.##.....#.#.#
....(....##.# #.##.....#.#.#
###########.# #.##.....#.#.# #.#
#.##.....#.#.## #######.#
#.##.......#...
#####.......#######.##.......####


You could see a worker ant.

Vanquished Creatures
  A crimson imp (D:2)
  Robin (D:2)
  A worm (D:2)
  A dart slug (D:1)
  2 leopard geckos
  An orc (D:2)
  3 bats
  A giant cockroach (D:2)
  4 goblins
  3 hobgoblins
  A frilled lizard (D:1)
  5 kobolds (D:2)
  3 rats
27 creatures vanquished.

Notes
Turn   | Place    | Note
-------+----------+-------------------------------------------
     0 | D:1      | kosoiffoigrumme1174 the Vine Stalker Monk began the quest
                  | for the Orb.
     0 | D:1      | Reached XP level 1. HP: 13/13 MP: 3/3
   270 | D:1      | Reached XP level 2. HP: 18/18 MP: 4/4
   707 | D:2      | Reached skill level 1 in Unarmed Combat
   841 | D:2      | Reached XP level 3. HP: 23/23 MP: 5/5
  1027 | D:2      | Reached skill level 4 in Dodging
  1027 | D:2      | Reached XP level 4. HP: 28/28 MP: 3/6
  1079 | D:2      | Noticed Robin
  1092 | D:2      | Killed Robin
  1368 | D:2      | HP: 1/28 [poisoned by a worker ant]
  1370 | D:2      | Succumbed to a worker ant's poison

Skill      XL: |  1  2  3  4 |
---------------+-------------+-----
Unarmed Combat | 1 2 |  2.0
Fighting       | 3 |  3.4
Dodging        | 4 |  4.2
Axes           | |  2.6
Stealth        | |  3.0
Invocations    | |  2.0

Action                   |  1- 3 |  4- 6 || total
-------------------------+-------+-------++-------
Melee: Hand axe          |   138 |    34 ||   172
       Bite              |    17 |     2 ||    19
Throw: Stone             |     3 |     3 ||     6
 Stab: Sleeping          |     1 |       ||     1
  Eat: Chunk             |     2 |     1 ||     3
       Ration            |     1 |       ||     1
Armor: Chain mail        |    72 |    22 ||    94
       Robe              |     1 |       ||     1
Dodge: Dodged            |    39 |    10 ||    49
